AoeStats
← Tav3rnier

Arabia

506900062Analyzed
1v1 RM · 15d ago on Sep 15, 2026· 51m 57s· 2 players
Game mode
Random Map
Map size
Tiny (2 player)
Population
200
Speed
Normal
Resources
Standard
Victory
Conquest
Starting age
Dark Age
Ending age
Imperial Age
RankedLock teamsTeams togetherTeam positionsShared explorationLock speedFull tech treeHidden civsTurbo modeCheats
Victory
Defeat
🇫🇷 Italians · France
1106
+15
🇨🇭 Malay · Switzerland
1083
-15
lamebot
5:53 Loom
8:04 Loom
10:39 Feudal Age
9:59 Man-at-Arms
16:33 Double-Bit Axe
18:53 Wheelbarrow
18:00 Horse Collar
23:18 Castle Age
21:49 Gold Mining
21:55 Stone Mining
23:24 Husbandry
25:47 Bow Saw
30:12 Forging
30:05 Heavy Plow
31:55 Hand Cart
36:10 Pikeman
38:30 Stone Shaft Mining
41:59 Iron Casting
41:29 Scale Barding Armor
41:42 Squires
42:28 Gold Shaft Mining
47:06 Imperial Age
47:37 Blast Furnace
46:05 Long Swordsman
46:32 Capped Ram
46:43 Halberdier
46:51 Elite Karambit Warrior
Tav3rnier
7:27 Loom
10:30 Feudal Age
10:35 Man-at-Arms
11:04 Double-Bit Axe
14:31 Horse Collar
19:14 Wheelbarrow
20:48 Castle Age
19:24 Wheelbarrow
18:59 Gold Mining
18:52 Horse Collar
20:01 Scale Barding Armor
20:31 Bloodlines
21:08 Forging
21:54 Bow Saw
26:31 Iron Casting
26:17 Chain Barding Armor
27:32 Pikeman
28:12 Squires
28:15 Padded Archer Armor
28:16 Scale Mail Armor
31:35 Fervor
31:55 Sanctity
32:07 Hand Cart
31:37 Town Watch
32:33 Heavy Plow
32:46 Masonry
32:17 Treadmill Crane
32:49 Masonry
33:48 Stone Mining
36:38 Imperial Age
37:29 Cavalier
38:10 Husbandry
38:48 Plate Barding Armor
39:03 Stone Shaft Mining
40:06 Conscription
40:02 Crossbowman
41:43 Blast Furnace
40:34 Fletching
40:45 Padded Archer Armor
40:30 Capped Ram
42:21 Town Patrol
43:18 Pirotechnia
44:12 Chemistry
43:43 Architecture
Connection lost

Rejoining the realm…

Still unreachable

The connection could not be restored.

Session expired

The server has moved on; the page needs a fresh start.